AoeStats
← boringstorm

Arabia

509512266Analyzed
1v1 RM · 4d ago on Sep 27, 2026· 37m 13s· 2 players
Game mode
Random Map
Map size
Tiny (2 player)
Population
200
Speed
Normal
Resources
Standard
Victory
Conquest
Starting age
Dark Age
Ending age
Imperial Age
RankedLock teamsTeams togetherTeam positionsShared explorationLock speedFull tech treeHidden civsTurbo modeCheats
Victory
Defeat
🇺🇸 Goths · United States
918
+15
🇨🇦 Chinese · Canada
891
-15
jejepil
7:17 Loom
12:12 Feudal Age
14:52 Wheelbarrow
18:22 Double-Bit Axe
20:19 Fletching
26:45 Castle Age
25:46 Padded Archer Armor
27:03 Crossbowman
29:50 Hand Cart
29:49 Bodkin Arrow
30:26 Thumb Ring
30:13 Horse Collar
30:46 Bow Saw
34:22 Man-at-Arms
35:03 Squires
35:36 Scale Mail Armor
35:47 Forging
35:05 Long Swordsman
35:48 Arson
36:59 Elite Skirmisher
boringstorm
7:42 Loom
10:05 Feudal Age
10:09 Man-at-Arms
19:11 Castle Age
17:23 Horse Collar
17:45 Double-Bit Axe
19:58 Long Swordsman
21:27 Wheelbarrow
21:32 Heavy Plow
21:53 Bow Saw
24:22 Squires
25:42 Hand Cart
27:10 Forging
27:02 Scale Mail Armor
29:33 Gold Mining
29:36 Stone Mining
30:11 Chain Mail Armor
30:42 Town Watch
32:34 Anarchy
33:14 Town Patrol
34:20 Iron Casting
Connection lost

Rejoining the realm…

Still unreachable

The connection could not be restored.

Session expired

The server has moved on; the page needs a fresh start.